AoeStats
← Tesla

Arena

510216169Analyzed
2v2 RM · 3d ago on Sep 30, 2026· 54m 40s· 4 players
Game mode
Random Map
Map size
Medium (4 player)
Population
200
Speed
Normal
Resources
Standard
Victory
Conquest
Starting age
Dark Age
Ending age
Imperial Age
RankedLock teamsTeams togetherTeam positionsShared explorationLock speedFull tech treeHidden civsTurbo modeCheats
Victory
Defeat
🇺🇸 Bulgarians · United States
933
+14
🇺🇸 Teutons · United States
875
+16
🇺🇸 Romans · United States
886
-15
🇨🇱 Gurjaras · Chile
879
-15
BEARFISTS
6:06 Loom
12:03 Feudal Age
12:57 Double-Bit Axe
20:13 Castle Age
19:02 Forging
18:52 Scale Mail Armor
18:29 Man-at-Arms
19:15 Horse Collar
20:56 Long Swordsman
28:29 Chain Mail Armor
28:50 Iron Casting
30:59 Pikeman
34:54 Wheelbarrow
39:52 Imperial Age
39:39 Hand Cart
39:17 Gold Mining
39:17 Stone Mining
39:32 Heavy Plow
39:47 Bow Saw
39:58 Halberdier
40:21 Heavy Scorpion
41:25 Ballistics
41:34 Legionary
44:41 Blast Furnace
44:21 Capped Ram
47:03 Squires
51:33 Ballistas
51:57 Comitatenses
51:59 Conscription
Tesla
0:43 Loom
9:52 Feudal Age
10:25 Double-Bit Axe
11:50 Wheelbarrow
12:54 Horse Collar
18:03 Castle Age
16:28 Gold Mining
17:04 Stone Mining
19:24 Fletching
19:40 Town Watch
25:12 Fortified Wall
28:23 Heavy Plow
35:02 Imperial Age
33:41 Ballistics
34:10 Bodkin Arrow
34:16 Padded Archer Armor
34:40 Husbandry
36:11 Conscription
36:18 Heavy Camel Rider
38:34 Chemistry
40:59 Crop Rotation
42:42 Elite Skirmisher
43:59 Hand Cart
43:57 Bracer
44:13 Leather Archer Armor
47:53 Siege Elephant
50:42 Elite Shrivamsha Rider
Empress of Festivals
7:57 Loom
10:12 Feudal Age
18:26 Castle Age
17:22 Bloodlines
24:27 Wheelbarrow
24:05 Scale Mail Armor
24:15 Forging
30:55 Double-Bit Axe
30:54 Horse Collar
35:23 Imperial Age
33:16 Chain Mail Armor
33:36 Ironclad
34:46 Fletching
35:31 Iron Casting
36:12 Siege Engineers
37:23 Conscription
37:36 Masonry
39:21 Plate Mail Armor
39:51 Blast Furnace
39:32 Squires
38:53 Pikeman
39:45 Arson
43:06 Halberdier
44:21 Elite Teutonic Knight
45:21 Capped Ram
47:06 Chemistry
47:24 Bodkin Arrow
47:30 Padded Archer Armor
46:55 Elite Skirmisher
unsinkable sam
7:34 Loom
9:46 Feudal Age
11:11 Double-Bit Axe
11:10 Horse Collar
14:06 Wheelbarrow
17:16 Castle Age
17:23 Wheelbarrow
18:18 Bow Saw
19:18 Fletching
19:29 Padded Archer Armor
19:31 Scale Mail Armor
19:41 Forging
19:40 Scale Barding Armor
19:39 Town Watch
20:13 Gold Mining
20:18 Stone Mining
20:56 Bodkin Arrow
24:05 Gambesons
24:20 Squires
24:06 Arson
23:45 Pikeman
25:18 Thumb Ring
25:25 Thumb Ring
35:05 Imperial Age
35:42 Ballistics
36:30 Heavy Cavalry Archer
37:35 Parthian Tactics
38:14 Bracer
41:41 Parthian Tactics
43:08 Chemistry
42:27 Siege Engineers
45:40 Conscription
46:36 Chain Mail Armor
46:57 Iron Casting
46:38 Leather Archer Armor
50:28 Masonry
52:13 Architecture
Connection lost

Rejoining the realm…

Still unreachable

The connection could not be restored.

Session expired

The server has moved on; the page needs a fresh start.